 Dungeon Crawl Stone Soup version 0.23-a0-516-g0f8c245 (webtiles) character file.

47 galech the Skirmisher (level 3, 0/29 HPs)
             Began as a Demonspawn Fighter on Dec 5, 2018.
             Slain by a centaur (4 damage)
             ... on level 2 of the Dungeon.
             The game lasted 00:01:06 (926 turns).

galech the Skirmisher (Demonspawn Fighter)           Turns: 926, Time: 00:01:07

Health: 0/29       AC:  9    Str: 21    XL:     3   Next: 48%
Magic:  3/3        EV:  5    Int:  9    God:
Gold:   44         SH:  9    Dex: 13    Spells: 2/2 levels left

rFire    . . .     SeeInvis .   a - +0 war axe
rCold    . . .     Gourm    .   c - +0 shield
rNeg     . . .     Faith    .   n - +0 chain mail
rPois    .         Spirit   .   (no helmet)
rElec    .         Reflect  .   (no cloak)
rCorr    .         Harm     .   (no gloves)
MR       .....                  (no boots)
Stlth    ..........             (no amulet)
HPRegen  0.09/turn              (no ring)
MPRegen  0.08/turn              (no ring)

@: mighty
A: talons 2
a: no special abilities


You were on level 2 of the Dungeon.
You were not hungry.

You visited 1 branch of the dungeon, and saw 2 of its levels.

You collected 44 gold pieces.

Inventory:

Hand Weapons
 a - a +0 war axe (weapon)
Armour
 c - a +0 shield (worn)
 n - a +0 chain mail (worn)
Scrolls
 i - a scroll of teleportation {unknown}
 j - a scroll of magic mapping {unknown}
 k - a scroll of blinking {unknown}
 l - a scroll of fog {unknown}
 o - a scroll of identify {unknown}
Potions
 b - a potion of cancellation {unknown}
 e - 3 potions of lignification {unknown}
 h - 2 potions of flight {unknown}
 m - a potion of haste {unknown}
Comestibles
 f - 2 rations
 g - 3 chunks of flesh


   Skills:
 + Level 3.1 Fighting
 + Level 2.6 Axes
 + Level 3.0 Armour
 + Level 0.2 Dodging
 + Level 3.1 Shields


You had 2 spell levels left.
You didn't know any spells.
Your spell library was empty.

Dungeon Overview and Level Annotations

Branches:
Dungeon (2/15)

Altars:
Gozag


Innate Abilities, Weirdness & Mutations

You have razor-sharp toenails.


Message History

The centaur is severely wounded.
You closely miss the giant cockroach. The centaur hits you.
* * * LOW HITPOINT WARNING * * *
You block the centaur's attack.
The giant cockroach bites you but does no damage.
Your shield and chain mail prevent you from hitting the centaur.
The centaur is severely wounded.
You closely miss the giant cockroach. The centaur hits you.
* * * LOW HITPOINT WARNING * * *
You block the giant cockroach's attack.
The centaur hits you but does no damage.
The giant cockroach bites you but does no damage.
You block the centaur's attack.
Your shield and chain mail prevent you from hitting the centaur.
Your kick misses the centaur.
The centaur is severely wounded.
You hit the giant cockroach.
You kill the giant cockroach!
You block the centaur's attack. The centaur hits you.
You die...

#########
#.......#
#.#####.#
##### #.#
###†# ....##
#÷# #..(#
###..#
###.###.#@#
..##.#
#..#.##.##cr.#
.8.#.###.#.###
##.#
...#..##.#.# #
...........#
...###)....#
.8.#.......#
..##.......#
######.....#


You could see a centaur and a rat.

Vanquished Creatures
  2 dart slugs (D:1)
  2 leopard geckos (D:2)
  A ball python (D:2)
  4 bats
  3 giant cockroaches
  6 goblins (D:1)
  5 hobgoblins
  3 jackals (D:1)
  2 frilled lizards (D:1)
  5 kobolds (D:1)
  3 rats
36 creatures vanquished.

Notes
Turn   | Place    | Note
-------+----------+-------------------------------------------
     0 | D:1      | galech the Demonspawn Fighter began the quest for the Orb.
     0 | D:1      | Reached XP level 1. HP: 18/18 MP: 1/1
   190 | D:1      | Gained mutation: You have sharp toenails. [demonic
                  | ancestry]
   190 | D:1      | Reached XP level 2. HP: 22/24 MP: 2/2
   499 | D:1      | Gained mutation: You have razor-sharp toenails. [demonic
                  | ancestry]
   499 | D:1      | Reached XP level 3. HP: 24/29 MP: 3/3
   860 | D:2      | Found an opulent altar of Gozag.
   917 | D:2      | Noticed a centaur
   926 | D:2      | Slain by a centaur

Vault maps used:
D:1:      minmay_arrival_loop, chequers_serial_rivers_micro_c, st_stairs_1,
          chequers_serial_rivers_large_a
D:2:      marbit_many_paths, lemuel_crystal_altar,
          nicolae_overflow_crystal_walls, first_ration, grunt_gozag_statues

Skill      XL: |  1  2 |
---------------+-------+-----
Axes           | 2 |  2.6
Shields        | 3 |  3.1
Armour         | 3 |  3.0
Fighting       | |  3.1
Dodging        | |  0.2

Action                   || total
-------------------------++-------
Melee: War axe           ||   100
       Kick              ||    15
  Use: Potion            ||     1
Armor: Scale mail        ||    21
       Chain mail        ||    24
Dodge: Dodged            ||    21
Block: Shield            ||    60

Table legend:
 A = Non-vault XP
 B = Vault XP
 C = Vault XP percentage of total XP
 D = Non-vault monster count
 E = Vault monster count
 F = Vault count percentage of total count
                 A         B        C        D         E       F
            +---------+---------+-------+---------+---------+-------
      Total |      66 |       2 |   2.9 |      35 |       1 |   2.8
            +---------+---------+-------+---------+---------+-------
        D:1 |      51 |       2 |   3.8 |      28 |       1 |   3.4
        D:2 |      15 |       0 |   0.0 |       7 |       0 |   0.0
            +---------+---------+-------+---------+---------+-------
